 Dungeon Crawl Stone Soup version 0.30.0-3-ga4e48a9924 (webtiles) character file.

Game seed: 14098989841171522711

654 MisterOn the Sneak (level 7, -1/42 (45) HPs)
             Began as a Djinni Brigand on May 8, 2023.
             Was an Elder of Ru.
             Slain by an ice beast (16 damage)
             ... on level 6 of the Dungeon.
             The game lasted 00:17:03 (4257 turns).

MisterOn the Sneak (Djinni Brigand)                 Turns: 4257, Time: 00:17:03

HP:   -1/42 (45)    AC:  4    Str: 10    XL:     7   Next: 84%
Gold: 130           EV: 13    Int: 15    God:    Ru [****..] SH:  0 Dex: 14

rFire   + + .        w - +3 short sword
rCold   x . .        (no shield)
rNeg    . . .        b - +1 robe
rPois   ∞            (no helmet)
rElec   .            c - +0 cloak
rCorr   .            (no gloves)
SInv    .            (boots unavailable)
Will    .....        q - amulet of faith
Stlth   +++          (no ring)
HPRegen 0.27/turn    (no ring)
MPRegen 0.00/turn

%: faith, infuse magic (-2 HP)
@: brilliant, exhausted, flying, drained
A: sickness immunity, fire resistance 2, frail 1, cold vulnerability 1,
inability to use devices, float, innate caster, HP casting, extra vitality 1
a: Renounce Religion, Draw Out Power, Power Leap


You were on level 6 of the Dungeon.
You worshipped Ru.
Ru was greatly pleased with you.
You visited 1 branch of the dungeon, and saw 5 of its levels.

You collected 130 gold pieces.

Inventory:

Hand Weapons
 a - a +2 dagger
 i - a +1 halberd
 v - a +0 dagger of draining
 w - a +3 short sword (weapon)
Missiles
 e - 6 curare-tipped darts (quivered)
 s - a throwing net
Armour
 b - a +1 robe (worn)
 c - a +0 cloak (worn)
Jewellery
 q - an amulet of faith (around neck)
Wands
 p - a wand of paralysis (7)
Scrolls
 l - a scroll of vulnerability
 o - a scroll of amnesia
Potions
 f - a potion of mutation {unknown}
 g - a potion of flight
 k - 2 potions of degeneration {unknown}
 m - a potion of attraction {unknown}
 n - a potion of ambrosia {unknown}
 r - 2 potions of haste {unknown}
 t - 2 potions of brilliance


   Skills:
 * Level 3.0 Fighting
 * Level 3.0 Short Blades
 * Level 2.7 Polearms
 * Level 2.5 Throwing
 * Level 2.1 Armour
 * Level 3.0 Dodging
 * Level 4.4 Stealth
 * Level 1.4 Spellcasting


You knew the following spells:

 Your Spells              Type           Power      Damage    Failure   Level
a - Slow                  Hex            28%        N/A       13%         1
b - Lesser Beckoning      Tloc           14%        N/A       21%         2
c - Call Canine Familiar  Summ           7%         N/A       36%         3
Your spell library was empty.

Dungeon Overview and Level Annotations

Branches:
Dungeon (6/15)             Temple (0/1) D:4

Altars:
Qazlal
Ru

Annotations:
D:4 3 runed translucent doors, BillyBaka's ghost, amateur VSMo; Huckebein's ghost, amateur DsMo


Innate Abilities, Weirdness & Mutations

You are immune to sickness and miasma.
You are immune to poison.
Your flesh is very heat resistant. (rF++)
You are frail. (-10% HP)
You are vulnerable to cold. (rC-)
You cannot study or use magical devices.
You float through the air rather than walking.
You learn spells naturally, not from books.
Your magical power is your life essence.
You have superior vitality. (+4 MHP)


Message History

The magic dart hits you!
A gnoll sergeant comes into view. It is wielding a +2 heavy spear.
The ice beast attacks as you move away! The ice beast misses you.
The orc shouts!
An orc priest comes into view. It is wielding a +0 dagger.
The ice beast attacks as you move away! The ice beast hits you.
* * * LOW HITPOINT WARNING * * *
The ice beast freezes you!
You feel a terrible chill!
* * * LOW HITPOINT WARNING * * *
You feel much better.
The orc wizard begins to cast a spell, but is stunned by your conviction!
The ice beast hits you. The ice beast freezes you!!
You feel a terrible chill!
* * * LOW HITPOINT WARNING * * *
Okay, then.
Blink to where?
Press: ? - help, Dir - move target
As you read the scroll of blinking, it crumbles to dust.
You feel less exhausted.
You feel better.
You are restored by drawing out deep reserves of power within.
You feel drained.
Throw: 7 darts (curare)
Press: ? - help, Q - select action, (/) - cycle Shift-Dir - straight line, f - orc
Aim: an orc, wielding a +0 club (60% to hit)
You throw a curare-tipped dart. The curare-tipped dart hits the orc.
The orc is poisoned.
The orc convulses.
You kill the orc!
Okay, then.
Okay, then.
It was a potion of brilliance.
You feel clever all of a sudden. The ice beast hits you.
The ice beast freezes you!
You feel a terrible chill!
You hit the ice beast.
The ice beast is lightly wounded.
The ice beast is stunned by your conviction and fails to attack.
You hit the ice beast.
The ice beast is lightly wounded.
The ice beast hits you. The ice beast freezes you!
You feel a terrible chill!
You die...

#. #.. ##+... .#...#
###.....#
#.###########......g#..
.........@Yoo.......#.[
#############.........
#....o#.# #####.....o.#
# #.........##. #.
#.####...## #.##/#
#..## #....# #..#
#.#..##...#.?


You could see an ice beast, an orc priest and an orc wizard.

Vanquished Creatures
  A phantom (D:4)
  2 kobold brigands (D:3)
  3 wights (D:4)
  2 hounds (D:6)
  A sleepcap (D:4)
  6 adders
  An ufetubus (D:4)
  4 worms
  3 dart slugs
  4 orcs
  5 ball pythons
  8 bats
  14 endoplasms
  7 giant cockroaches
  6 goblins
  9 hobgoblins
  4 jackals (D:2)
  6 quokkas
  2 frilled lizards
  10 kobolds
  4 rats
102 creatures vanquished.

Vanquished Creatures (collateral kills)
  An iguana (D:4)
  A hobgoblin (D:4)
2 creatures vanquished.

Grand Total: 104 creatures vanquished

Notes
Turn   | Place    | Note
-------+----------+-------------------------------------------
     0 | D:1      | MisterOn the Djinni Brigand began the quest for the Orb.
     0 | D:1      | Reached XP level 1. HP: 18/18 MP: 0/0
   142 | D:1      | Reached XP level 2. HP: 20/23 MP: 0/0
   229 | D:2      | Found a faded altar of an unknown god.
   254 | D:2      | Prayed at the altar of an unknown god.
   254 | D:2      | Became a worshipper of Ru the Awakened
   268 | D:2      | Found a stormy altar of Qazlal.
   278 | D:2      | Gained mutation: You are frail. (-10% HP) [Ru sacrifice]
   278 | D:2      | Reached * piety under Ru
   376 | D:2      | Reached XP level 3. HP: 25/25 MP: 0/0
   376 | D:2      | Learned a level 1 spell: Slow
   862 | D:2      | Reached XP level 4. HP: 29/29 MP: 0/0
  1259 | D:1      | Reached skill level 1 in Armour
  1404 | D:1      | Reached skill level 1 in Polearms
  1964 | D:3      | Reached XP level 5. HP: 35/35 MP: 0/0
  1964 | D:3      | Learned a level 2 spell: Lesser Beckoning
  2600 | D:3      | Gained mutation: You cannot study or use magical devices.
                  | [Ru sacrifice]
  2600 | D:3      | Reached ** piety under Ru
  2600 | D:3      | Reached *** piety under Ru
  2600 | D:3      | Reached **** piety under Ru
  2714 | D:3      | Noticed a kobold brigand
  2730 | D:3      | Killed a kobold brigand
  2731 | D:3      | Reached skill level 4 in Stealth
  2731 | D:3      | Reached XP level 6. HP: 19/40 MP: 0/0
  2958 | D:3      | Reached skill level 1 in Spellcasting
  3143 | D:4      | Found a staircase to the Ecumenical Temple.
  3338 | D:4      | Reached XP level 7. HP: 31/44 MP: 0/0
  3338 | D:4      | Learned a level 3 spell: Call Canine Familiar
  3584 | D:4      | Found a runed translucent gate.
  3585 | D:4      | Found a runed translucent gate.
  3586 | D:4      | Found a runed translucent gate.
  3588 | D:4      | Noticed Huckebein's ghost (amateur DsMo)
  3588 | D:4      | Noticed BillyBaka's ghost (amateur VSMo)
  4215 | D:4      | You are sucked into a shaft and drop 2 floors!
  4248 | D:6      | HP: 1/45 [ice beast (18)]
  4257 | D:6      | Slain by an ice beast

Illustrated notes

Levels and vault maps discovered:
D:1:      zaba_arrival_water, layout_rooms, st_stairs_13
D:2:      layout_loops_cross, basic_altar, nicolae_ecumenical_pavilion,
          minmay_misc_feat_more_columns, minmay_bisected
D:3:      cheibrodos_thug_alley, layout_basic, hex_medium,
          minmay_misc_feat_columns
D:4:      layout_loops_cross, minmay_temple_entry_slanted,
          gammafunk_ghost_cemetery, corexii_shack, minmay_curled_crystal
D:6:      layout_basic, nicolae_qazlal_style_of_elements, serial_shops,
          nicolae_shop_window_shopping, enter_ossuary_5,
          chequers_hall_statues_y, amcnicky_mini_pool_medium

Skill      XL: |  1  2  3  4  5  6  7 |
---------------+----------------------+-----
Short Blades   | 2 3 |  3.0
Armour         | 1 2 |  2.1
Polearms       | 1 2 |  2.7
Throwing       | 2 |  2.5
Dodging        | 2 3 |  3.0
Stealth        | 4 |  4.4
Spellcasting   | 1 |  1.4
Fighting       | 3 |  3.0

Action                     |  1- 3 |  4- 6 |  7- 9 || total
---------------------------+-------+-------+-------++-------
  Melee: Dagger            |    44 |    23 |       ||    67
         Halberd           |    93 |   173 |       ||   266
         Short sword       |       |     3 |    47 ||    50
  Throw: Dart              |    10 |    29 |     1 ||    40
         Throwing net      |       |     1 |       ||     1
   Cast: Slow              |     2 |     9 |     2 ||    13
         Call Canine Famil |       |       |     2 ||     2
 Invoke: Sacrifice Health  |     1 |       |       ||     1
         Sacrifice Artific |       |     1 |       ||     1
         Power Leap        |       |     3 |     2 ||     5
         Draw Out Power    |       |       |     2 ||     2
  Evoke: Wand              |       |     2 |       ||     2
    Use: Potion            |     2 |     4 |     4 ||    10
         Scroll            |       |     7 |     4 ||    11
   Stab: Sleeping          |     4 |    10 |     3 ||    17
         Distracted        |     1 |       |       ||     1
 Armour: Robe              |    53 |    55 |     5 ||   113
  Dodge: Dodged            |   115 |   209 |    29 ||   353
